 Dungeon Crawl Stone Soup version 0.30-a0-310-g7d6cbdfea6 (webtiles) character file.

Game seed: 6216879281135251293

62 billz999 the Sneak (level 3, -1/24 HPs)
             Began as a Vampire Earth Elementalist on Oct 24, 2022.
             Slain by an orc priest
             ... wielding a +0 hand axe
              (5 damage)
             ... on level 2 of the Dungeon.
             The game lasted 00:03:22 (1353 turns).

billz999 the Sneak (Vampire Earth Elementalist)     Turns: 1353, Time: 00:03:22

Health: -1/24      AC:  2    Str:  7    XL:     3   Next: 85%
Magic:  3/6        EV: 12    Int: 19    God:
Gold:   52         SH:  0    Dex: 14    Spells: 5/6 levels left

rFire   . . .      SeeInvis +    h - +0 spear
rCold   . . .      Faith    .    (no shield)
rNeg    . . .      Spirit   .    a - +0 robe
rPois   .          Reflect  .    (no helmet)
rElec   .          Harm     .    n - scarf {+Inv}
rCorr   .          Rampage  .    (no gloves)
Will    .....                    (no boots)
Stlth   +++.......               (no amulet)
HPRegen 0.44/turn                (no ring)
MPRegen 0.10/turn                (no ring)

@: healing quickly
A: alive, fangs 3, see invisible, vampiric 2
a: Exsanguinate, Evoke Invisibility


You were on level 2 of the Dungeon.
You visited 1 branch of the dungeon, and saw 2 of its levels.

You collected 52 gold pieces.

Inventory:

Hand Weapons
 e - a +0 mace
 h - a +0 spear (weapon)
 i - a +0 dagger
 m - a +0 sling
Armour
 a - a +0 robe (worn)
 n - a scarf of invisibility (worn)
Jewellery
 l - a +6 ring of intelligence
Scrolls
 c - a scroll of fear {unknown}
 f - a scroll of magic mapping
 j - a scroll of identify {unknown}
Potions
 b - a potion of magic
 g - a potion of lignification {unknown}
 k - a potion of degeneration {unknown}


   Skills:
 - Level 2.1 Dodging
 + Level 4.4 Stealth
 - Level 2.0 Spellcasting
 * Level 3.4 Transmutations
 - Level 3.0 Earth Magic
 * Level 0.1 Evocations


You had 5 spell levels left.
You knew the following spells:

 Your Spells              Type           Power      Damage    Failure   Level
a - Sandblast             Erth           26%        2d8       4%          1

Your spell library contained the following spells:

 Spells                   Type           Power      Damage    Failure   Level
 Passwall                 Tmut/Erth      11%        N/A       7%          2
 Sting                    Tmut/Pois      32%        1d4       9%          1
 Poisonous Vapours        Pois/Air       2%         N/A       26%         2
 Stone Arrow              Conj/Erth      14%        3d7       26%         3
 Petrify                  Tmut/Erth      14%        N/A       41%         4
 Inner Flame              Hex/Fire       1%         N/A       45%         3
 Cause Fear               Hex            0%         N/A       86%         4
 Olgreb's Toxic Radiance  Pois           1%         N/A       86%         4
 Discord                  Hex            0%         N/A       100%        8


Dungeon Overview and Level Annotations

Branches:
Dungeon (2/15)

Altars:


Innate Abilities, Weirdness & Mutations

Your natural rate of healing is accelerated.
You have razor-sharp teeth.
You have supernaturally acute eyesight. (SInv)
You are afflicted with vampirism and can become a bat while bloodless.


Message History

You aren't carrying any items that you can evoke.
Unknown command.
It was a potion of curing.
You feel better.
Casting: Sandblast (safe; 4% risk of failure)
Confirm with . or Enter, or press ? or * to list all spells.
Aiming: Sandblast (safe; 4% risk of failure)
Press: ? - help, Shift-Dir - straight line, f/p - dart slug
Aim: a dart slug (moderately wounded, 100% to hit)
The blast of sand hits the dart slug!
You kill the dart slug!
Unknown command.
You start resting.
An orc is nearby!
Casting: Sandblast (safe; 4% risk of failure)
Confirm with . or Enter, or press ? or * to list all spells.
Aiming: Sandblast (safe; 4% risk of failure)
Press: ? - help, Shift-Dir - straight line, f - orc
Aim: an orc, wielding a +0 dagger and wearing a +0 leather armour (82% to hit)
The blast of sand hits the orc.
The orc is heavily wounded.
The orc completely misses you.
Unknown command.
Casting: Sandblast (safe; 4% risk of failure)
Confirm with . or Enter, or press ? or * to list all spells.
Aiming: Sandblast (safe; 4% risk of failure)
Press: ? - help, Shift-Dir - straight line, f - orc priest, p - orc
Aim: an orc priest, wielding a +0 hand axe and wearing a +0 chain mail (87% to hit)
The blast of sand hits the orc priest but does no damage.
The orc priest mumbles some strange prayers to Beogh against you.
Beogh smites you!
Ouch! That really hurt!
The orc hits you with a +0 dagger.
* * * LOW HITPOINT WARNING * * *
The orc completely misses you.
As you read the scroll labelled IDWUNE QATAA, it crumbles to dust.
You feel aware of your surroundings.
You sensed 1 altar.
It was a scroll of magic mapping.
The orc hits you with a +0 dagger.
* * * LOW HITPOINT WARNING * * *
The orc priest hits you with a +0 hand axe.
You die...

#..******* *,**,**,*
#..######****,**,**,*
###........,,,#,**,**,*
#.....[.#.#**.#,,,,,,,* ****
#.#..#..#.###.####,**** *,,,
#.......#......oo.,* *,**
#.#.......!...#***** *,**
#.........o##.# *,**
#.#††......@o.# *********,** ####
#.........###.# *,,,,,,,,,,, ...#
###.###....!..# *,,,,****,,, ##.#
#.....$.##### *,,,** ****
##.#########...# **,*****
.......# #<..######**,,,,,*
[...##.# #.........******,* ***
.#.#.#.#####...#####.***,,,,* *,,
.#...................,**,*,,***,,


You could see an orc priest and an orc.

Vanquished Creatures
  An adder (D:2)
  A dart slug (D:2)
  4 endoplasms (D:1)
  2 giant cockroaches
  3 goblins (D:1)
  2 hobgoblins
  16 jackals
  4 ball pythons
  2 bats
  2 frilled lizards (D:1)
  2 kobolds (D:2)
  3 rats (D:1)
42 creatures vanquished.

Notes
Turn   | Place    | Note
-------+----------+-------------------------------------------
     0 | D:1      | billz999 the Vampire Earth Elementalist began the quest for
                  | the Orb.
     0 | D:1      | Reached XP level 1. HP: 13/13 MP: 3/3
   262 | D:1      | Reached XP level 2. HP: 19/19 MP: 1/5
   705 | D:1      | Gained mutation: You are afflicted with vampirism and can
                  | become a bat while bloodless. [Vampire growth]
   705 | D:1      | Reached XP level 3. HP: 24/24 MP: 1/6
   793 | D:1      | Reached skill level 4 in Stealth
  1353 | D:2      | Slain by an orc priest

Illustrated notes

Levels and vault maps discovered:
D:1:      moated_graveyard_arrival, layout_basic, minivault_11
D:2:      layout_loops_cross, basic_altar, minmay_pentomino_p2

Skill      XL: |  1  2  3 |
---------------+----------+-----
Transmutations | 2 3 |  3.4
Stealth        | 4 |  4.4
Dodging        | |  2.1
Spellcasting   | |  2.0
Earth Magic    | |  3.0
Evocations     | |  0.1

Action                   || total
-------------------------++-------
Melee: Unarmed           ||    33
       Bite              ||     8
       Spear             ||    28
       Mace              ||     2
       Punch             ||     1
 Cast: Sandblast         ||    58
  Use: Scroll            ||     1
       Potion            ||     1
Armor: Robe              ||    18
Dodge: Dodged            ||    74

Table legend: (Time is in decaauts)
 A = Elapsed time spent in this place.
 B = Non-inter-level travel time spent in this place.
 C = Inter-level travel time spent in this place.
 D = Time resting spent in this place.
 E = Time spent auto-exploring this place.
 F = Levels seen in this place.
 G = Mean time per level.
                   A        B        C        D        E       F      G
               +--------+--------+--------+--------+--------+-----+--------+
         Total |   1384 |   1308 |     76 |    105 |    938 |   2 |  692.0 |
       Dungeon |   1384 |   1308 |     76 |    105 |    938 |   2 |  692.0 |
               +--------+--------+--------+--------+--------+-----+--------+

Top non-repeatable levels by time:
     D:1: 1019 daAuts
     D:2: 364 daAuts
